 Dungeon Crawl Stone Soup version 0.31.0-1-g2c135a008e (webtiles) character file.

Game seed: 16171094478494375574

129 qw the Shooter (level 5, -2/41 HPs)
             Began as a Djinni Hunter on Jan 23, 2024.
             Slain by an orc
             ... wielding a +0 short sword
              (5 damage)
             ... on level 3 of the Dungeon.
             The game lasted 00:00:06 (2121 turns).

qw the Shooter (Djinni Hunter)                      Turns: 2121, Time: 00:00:06

Health: -2/41      AC:  2    Str:  9    XL:     5   Next: 35%
Gold:   76         EV: 10    Int: 15    God:
                   SH:  0    Dex: 17

rFire   + + .        a - +1 shortbow
rCold   x . .        (shield currently unavailable)
rNeg    . . .        b - +0 ring mail of Baerghucw {rPois Will+ rCorr}
rPois   inf          (helmet restricted)
rElec   .            (no cloak)
rCorr   +            (no gloves)
SInv    .            (boots unavailable)
Will    +....        (no amulet)
Stlth   +            (no ring)
HPRegen 0.26/turn    (no ring)
MPRegen 0.00/turn

%: infuse magic (-3 HP)
@: flying
A: sickness immunity, fire resistance 2, cold vulnerability 1, float, innate
caster, HP casting, extra vitality 1, antennae 1, clever 1, deformed body
a: no special abilities


You were on level 3 of the Dungeon.
You visited 1 branch of the dungeon, and saw 3 of its levels.

You collected 76 gold pieces.


Innate Abilities, Weirdness & Mutations

You are immune to sickness and miasma.
You are immune to poison.
Your flesh is very heat resistant. (rF++)
You are vulnerable to cold. (rC-)
You float through the air rather than walking.
You learn spells naturally, not from books.
Your magical power is your life essence.
You have superior vitality. (+4 MHP)
You have a pair of small antennae on your head.
Your mind is acute. (Int +4, Str/Dex -1)
Armour fits poorly on your strangely shaped body.


   Skills:
 - Level 4.0 Fighting
 + Level 4.0 Ranged Weapons
 - Level 1.0 Armour
 - Level 2.2 Dodging
 - Level 0.7 Stealth


You knew the following spells:

 Your Spells              Type           Power      Damage    Failure   Level
a - Magic Dart            Conj           0%         1d3       58%         1
b - Jinxbite              Hex            0%         N/A       75%         2
Your spell library was empty.

Inventory:

Hand Weapons
 a - a +1 shortbow (weapon)
Armour
 b - the +0 ring mail of Baerghucw (worn) {rPois Will+ rCorr}
   (You acquired it on level 2 of the Dungeon)

   rPois:     It protects you from poison Will+: It increases your willpower.
   rCorr:     It protects you from acid and corrosion.
Wands
 e - a wand of digging (7)
 g - a wand of polymorph (11)
Potions
 c - a potion of degeneration {unknown}
 d - a potion of heal wounds {unknown}
 f - a potion of attraction {unknown}
 h - a potion of lignification {unknown}
 i - a potion of might {unknown}

Dungeon Overview and Level Annotations

Branches:
Dungeon (3/15)

Altars:


Message History

An orc comes into view. It is wielding a +0 trident.
You shoot an arrow. The arrow hits the orc.
The orc is moderately wounded.
You shoot an arrow. The arrow hits the orc.
You kill the orc!
You shoot an arrow. The arrow hits the ball python!
You kill the ball python!
You shoot an arrow. The arrow hits the kobold.
You kill the kobold!
An orc priest comes into view. It is wielding a +0 short sword.
You shoot an arrow. The arrow closely misses the orc.
The orc barely misses you.
You shoot an arrow. The arrow closely misses the orc.
The orc priest invokes the aid of Beogh against you.
Beogh smites you! The orc hits you with a +0 short sword.
The orc hits you from afar with a +0 trident.
The orc hits you but does no damage.
You shoot an arrow. The gnoll shouts!
The arrow hits the orc but does no damage.
You hear a shout!
The orc hits you but does no damage.
A gnoll comes into view. It is wielding a +0 spear.
The orc misses you. The orc barely misses you.
The orc hits you from afar with a +0 trident!
The orc barely misses you. The orc hits you with a +0 club.
The gnoll moves out of view.
You hear a shout!
You shoot an arrow. The arrow hits the orc.
The orc is heavily wounded.
The orc priest miscasts a cantrip.
An orc comes into view. It is wielding a +0 mace.
The orc hits you with a +0 short sword. The orc misses you.
The orc hits you with a +0 club.
You shoot an arrow. The arrow hits the orc.
The orc is severely wounded.
The orc hits you with a +0 short sword.
The orc hits you from afar with a +0 trident.
The orc hits you with a +0 club. The orc hits you with a +0 short sword.
You die...

..# #.# ##.? #.# #.#
.#.! #.# #<# . ... #.#
#.# .o #.. #|# #.#
#..##.)##### #.# #.#
....g.o{...# ##.###.#
#.oo###.###...##.#
#..o@......<.....#
...g..#......#...#### #
...#..........%.########
# #..#............)....
...##......#########..
#### #.##...# #..
#.##...# #.. ...#....
..>.. >.. ....## #####


You could see an orc priest, 2 gnolls and 4 orcs.

Vanquished Creatures
  A scorpion (D:2)
  2 adders
  A dart slug (D:1)
  5 orcs
  2 endoplasms (D:1)
  3 giant cockroaches
  5 goblins
  4 jackals (D:2)
  A quokka (D:1)
  4 ball pythons
  2 bats (D:1)
  5 frilled lizards
  8 kobolds
  2 rats (D:1)
45 creatures vanquished.

Notes
Turn   | Place    | Note
-------+----------+-------------------------------------------
     0 | D:1      | qw the Djinni Hunter began the quest for the Orb.
     0 | D:1      | Reached XP level 1. HP: 18/18 MP: 0/0
     0 | D:1      | 0 ||| qw: Version: 0.3-a-135-gb77e89d
     0 | D:1      | 0 ||| qw: Game counter: 892
     0 | D:1      | 0 ||| qw: Melee chars always use a shield: true
     0 | D:1      | 0 ||| qw: God list: Okawaru
     0 | D:1      | 0 ||| qw: Allow faded altars: false
     0 | D:1      | 0 ||| qw: Do Orc after clearing Dungeon:15 true
     0 | D:1      | 0 ||| qw: Do second Lair branch before Depths: true
     0 | D:1      | 0 ||| qw: Lair rune preference: random
     0 | D:1      | 0 ||| qw: Goals: Normal
     0 | D:1      | 0 ||| PLANNING D:1-11
   131 | D:1      | Reached XP level 2. HP: 22/23 MP: 0/0
   686 | D:1      | Reached XP level 3. HP: 28/28 MP: 0/0
   686 | D:1      | Learned a level 1 spell: Magic Dart
   707 | D:1      | Found a faded altar of an unknown god.
   924 | D:1      | 924 ||| READING scroll labelled ALEUCSOTSIKKE.
   924 | D:1      | 924 ||| ENCHANTING +0 shortbow.
   925 | D:1      | 925 ||| DRINKING 2 murky puce potions.
   925 | D:1      | Gained mutation: You passively map a small area around you.
                  | [potion of mutation]
   925 | D:1      | Gained mutation: You passively map the area around you.
                  | [potion of mutation]
   926 | D:1      | 926 ||| DRINKING potion of mutation.
   926 | D:1      | Lost mutation: You passively map the area around you.
                  | [potion of mutation]
   926 | D:1      | Lost mutation: You passively map a small area around you.
                  | [potion of mutation]
   926 | D:1      | Gained mutation: Armour fits poorly on your strangely
                  | shaped body. [potion of mutation]
   926 | D:1      | Gained mutation: Your mind is acute. (Int +4, Str/Dex -1)
                  | [potion of mutation]
   926 | D:1      | Gained mutation: You have a pair of small antennae on your
                  | head. [potion of mutation]
   927 | D:1      | 927 ||| DROPPING scroll of butterflies.
  1348 | D:2      | 1348 ||| FLEEEEING.
  1349 | D:2      | 1349 ||| FLEEEEING.
  1350 | D:2      | 1350 ||| FLEEEEING.
  1351 | D:2      | 1351 ||| FLEEEEING.
  1413 | D:2      | Reached XP level 4. HP: 34/34 MP: 0/0
  1464 | D:2      | Noticed a scorpion
  1469 | D:2      | HP: 8/34 [scorpion (8)]
  1472 | D:2      | Killed a scorpion
  1473 | D:2      | Reached XP level 5. HP: 7/41 MP: 0/0
  1473 | D:2      | Learned a level 2 spell: Jinxbite
  1786 | D:2      | 1786 ||| UPGRADING to +0 ring mail.
  1796 | D:2      | 1796 ||| DROPPING +0 leather armour.
  1797 | D:2      | 1797 ||| READING scroll labelled ANLOAK UHOQU.
  1798 | D:2      | 1798 ||| READING scroll labelled CIYXKIE NIKHUA.
  1798 | D:2      | Identified a scroll of acquirement
  1798 | D:2      | 1798 ||| ACQUIRING +0 ring mail of Baerghucw {rPois Will+
                  | rCorr}
  1798 | D:2      | Acquired the +0 ring mail of Baerghucw {rPois Will+ rCorr}
  1800 | D:2      | 1800 ||| UPGRADING to +0 ring mail of Baerghucw {rPois
                  | Will+ rCorr}.
  1810 | D:2      | 1810 ||| DROPPING +0 ring mail.
  1835 | D:3      | 1835 ||| STAIRDANCE
  1990 | D:3      | Reached skill level 1 in Armour
  2120 | D:3      | HP: 8/41 [orc/+0 club (3)]
  2121 | D:3      | HP: 3/41 [orc/+0 club (1)]
  2121 | D:3      | Slain by an orc

Levels and vault maps discovered:
D:1:      dpeg_arrival_arbitrary_c, layout_basic,
          shapermc_ecumenical_altar_flowoftime, minmay_heptomino_l4
D:2:      layout_basic
D:3:      layout_loops_ring, hangedman_decor_clover_reticule, uniq_natasha

Skill      XL: |  1  2  3  4  5 |
---------------+----------------+-----
Ranged Weapons | 4 |  4.0
Fighting       | 4 |  4.0
Armour         | 1 |  1.0
Dodging        | |  2.2
Stealth        | |  0.7

Action                     |  1- 3 |  4- 6 || total
---------------------------+-------+-------++-------
   Fire: Shortbow          |    92 |    43 ||   135
    Use: Potion            |     2 |       ||     2
         Scroll            |     1 |     2 ||     3
 Armour: Leather armour    |    21 |     7 ||    28
         Ring mail         |       |    25 ||    25
  Dodge: Dodged            |    23 |    11 ||    34

Table legend:
 A = Non-vault XP
 B = Vault XP
 C = Vault XP percentage of total XP
 D = Non-vault monster count
 E = Vault monster count
 F = Vault count percentage of total count
                 A         B        C        D         E       F
            +---------+---------+-------+---------+---------+-------
      Total |     178 |       7 |   3.8 |      42 |       3 |   6.7
            +---------+---------+-------+---------+---------+-------
        D:1 |      22 |       7 |  24.1 |      15 |       3 |  16.7
        D:2 |     129 |       0 |   0.0 |      18 |       0 |   0.0
        D:3 |      27 |       0 |   0.0 |       9 |       0 |   0.0
            +---------+---------+-------+---------+---------+-------
